 Dungeon Crawl Stone Soup version 0.31-a0-640-g39d97e502b (webtiles) character file.

Game seed: 2781041598970422744

150 rvierbuc the Ducker (level 5, -13/41 HPs)
             Began as a Demonspawn Gladiator on Aug 29, 2023.
             Was a Follower of Qazlal.
             Mangled by an ogre
             ... wielding a +0 giant club
              (19 damage)
             ... on level 4 of the Dungeon.
             The game lasted 00:05:41 (2965 turns).

rvierbuc the Ducker (Demonspawn Gladiator)          Turns: 2965, Time: 00:05:41

Health: -13/41     AC:  6    Str: 16    XL:     5   Next: 10%
Magic:  5/5        EV: 13    Int:  9    God:    Qazlal [*.....]
Gold:   214        SH:  1    Dex: 15    Spells: 4/4 levels left

rFire   . . .        a - +0 war axe
rCold   . . .        (no shield)
rNeg    . . .        b - +0 leather armour
rPois   .            c - +0 helmet
rElec   .            (no cloak)
rCorr   .            (no gloves)
SInv    .            (no boots)
Will    .....        (no amulet)
Stlth   +            (no ring)
HPRegen 0.26/turn    (no ring)
MPRegen 0.09/turn

%: no passive effects
@: studying Dodging
A: claws 1, slimy green scales 1
a: Renounce Religion


You were on level 4 of the Dungeon.
You worshipped Qazlal.
Qazlal was aware of your devotion.
You visited 1 branch of the dungeon, and saw 4 of its levels.

You collected 214 gold pieces.

Inventory:

Hand Weapons
 a - a +0 war axe (weapon)
Missiles
 d - 4 throwing nets (quivered)
 e - a javelin
Armour
 b - a +0 leather armour (worn)
 c - a +0 helmet (worn)
Jewellery
 k - a ring of magical power
Scrolls
 f - 2 scrolls of identify {unknown}
 g - a scroll of enchant armour {unknown}
 h - 4 scrolls of fear {unknown}
 i - a scroll of noise {unknown}
 m - a scroll of immolation {unknown}
 n - a scroll of fog {unknown}
 o - a scroll of teleportation {unknown}
 q - a scroll of poison {unknown}
Potions
 j - a potion of might {unknown}
 l - a potion of heal wounds {unknown}
 p - a potion of curing {unknown}


   Skills:
 + Level 3.1 Fighting
 + Level 3.5 Axes
 + Level 2.8 Throwing
 + Level 3.9 Dodging


You had 4 spell levels left.
You didn't know any spells.
Your spell library contained the following spells:

 Spells                   Type           Power      Damage    Failure   Level
 Blink                    Tloc           0%         N/A       58%         2
 Lesser Beckoning         Tloc           0%         N/A       58%         2
 Momentum Strike          Conj/Tloc      0%         3d8       58%         2
 Ozocubu's Armour         Ice            0%         N/A       83%         3
 Stone Arrow              Conj/Erth      0%         3d7       83%         3
 Animate Armour           Summ/Erth      0%         N/A       99%         4
 Metabolic Englaciation   Hex/Ice        0%         N/A       100%        5
 Simulacrum               Ice/Necr       0%         N/A       100%        6
 Lehudib's Crystal Spear  Conj/Erth      0%         10d2      100%        8


Dungeon Overview and Level Annotations

Branches:
Dungeon (4/15)
 Temple: D:4-7

Altars:
Qazlal


Innate Abilities, Weirdness & Mutations

You have sharp fingernails.
You are partially covered in slimy green scales. (AC +2)


Message History

The orc is heavily wounded.
The orc hits you with a +0 hand axe. The orc barely misses you.
You hit the orc.
You kill the orc!
Qazlal accepts your kill.
No target in view!
HP restored.
You pick up a book of Armaments and begin reading...
You add the spells Stone Arrow, Animate Armour and Lehudib's Crystal Spear to your library.
Things that are here:
a +0 hand axe; a +0 ring mail
Found a stone staircase leading down.
There is a stone staircase leading down here.
An ogre comes into view. It is wielding a +0 giant club.
Okay, then.
You hit the ogre.
The ogre is lightly wounded.
The ogre misses you.
You barely miss the ogre.
The ogre is lightly wounded.
The ogre closely misses you.
You barely miss the ogre.
The ogre is lightly wounded.
The ogre hits you with a +0 giant club!!
You slash the ogre!
The ogre is heavily wounded.
The ogre hits you with a +0 giant club!
* * * LOW HITPOINT WARNING * * *
You hit the ogre.
The ogre is severely wounded.
The ogre barely misses you.
You barely miss the ogre.
The ogre is severely wounded.
You barely miss the ogre.
The ogre is severely wounded.
The ogre misses you.
You completely miss the ogre.
The ogre is severely wounded.
The ogre hits you with a +0 giant club!!
You die...

.# .# #######.#
#.......# ###
+.....$.# #..
#.......# #.#
#.###...#
#######..
#..##O###
#........
#...@####
#........
###.>...#
#........
#####.#
#........ #.#
######...
#.###########.#
#..............
#############.#
#..... #.##..


You could see an ogre.

Vanquished Creatures
  4 gnolls
  2 adders
  2 worms (D:2)
  3 dart slugs
  6 orcs
  11 endoplasms
  3 giant cockroaches
  10 goblins
  4 hobgoblins
  4 kobolds
  3 quokkas
  6 ball pythons
  6 frilled lizards
  10 rats
74 creatures vanquished.

Notes
Turn   | Place    | Note
-------+----------+-------------------------------------------
     0 | D:1      | rvierbuc the Demonspawn Gladiator began the quest for the
                  | Orb.
     0 | D:1      | Reached XP level 1. HP: 16/16 MP: 1/1
   108 | D:1      | Gained mutation: You are partially covered in slimy green
                  | scales. (AC +2) [demonic ancestry]
   108 | D:1      | Reached XP level 2. HP: 22/22 MP: 2/2
   370 | D:1      | Reached XP level 3. HP: 28/28 MP: 3/3
  1335 | D:2      | Gained mutation: You have sharp fingernails. [demonic
                  | ancestry]
  1335 | D:2      | Reached XP level 4. HP: 34/34 MP: 4/4
  2237 | D:3      | Reached XP level 5. HP: 41/41 MP: 5/5
  2285 | D:3      | Found a faded altar of an unknown god.
  2645 | D:3      | Prayed at the altar of an unknown god.
  2645 | D:3      | Became a worshipper of Qazlal Stormbringer
  2645 | D:3      | Reached * piety under Qazlal
  2951 | D:4      | Noticed an ogre
  2965 | D:4      | Mangled by an ogre

Illustrated notes

Levels and vault maps discovered:
D:1:      tarquinn_simple_flora_water_a, layout_basic, minmay_close_crescents
D:2:      wander_river, layout_basic
D:3:      minmay_angry_zag, layout_basic, shapermc_ecumenical_altar_mp_vishouse,
          due_unseen_surprise
D:4:      layout_basic, overflow_temple_1_default

Skill      XL: |  1  2  3  4 |
---------------+-------------+-----
Throwing       | 2 |  2.8
Axes           | 3 |  3.5
Dodging        | 3 |  3.9
Fighting       | 3 |  3.1

Action                     |  1- 3 |  4- 6 || total
---------------------------+-------+-------++-------
  Melee: War axe           |   129 |    92 ||   221
         Punch             |       |     1 ||     1
   Stab: Sleeping          |     1 |     1 ||     2
 Armour: Leather armour    |    48 |    25 ||    73
  Dodge: Dodged            |    87 |    53 ||   140

Table legend: (Time is in decaauts)
 A = Elapsed time spent in this place.
 B = Non-inter-level travel time spent in this place.
 C = Inter-level travel time spent in this place.
 D = Time resting spent in this place.
 E = Time spent auto-exploring this place.
 F = Levels seen in this place.
 G = Mean time per level.
                   A        B        C        D        E       F      G
               +--------+--------+--------+--------+--------+-----+--------+
         Total |   3046 |   2891 |    155 |    152 |   2161 |   4 |  761.5 |
       Dungeon |   3046 |   2891 |    155 |    152 |   2161 |   4 |  761.5 |
               +--------+--------+--------+--------+--------+-----+--------+

Top non-repeatable levels by time:
     D:2: 1200 daAuts
     D:3: 1022 daAuts
     D:1: 667 daAuts
     D:4: 156 daAuts
